 Dungeon Sprint DCSS version 0.31-a0-344-gd109795599 (webtiles) character file.

Game seed: 12400439408237478709

18627 Conn the Eclecticist (level 12, -22/74 HPs)
             Began as an Octopode Fire Elementalist on July 22, 2023.
             Was the Champion of Sif Muna.
             Annihilated by Rupert
             ... wielding a +2 great sword of venom
              (33 damage)
             ... in the Dungeon (Sprint III: "The Ten Rune Challenge").
             The game lasted 00:34:26 (5003 turns).

Conn the Eclecticist (Octopode Fire Elementalist)   Turns: 5003, Time: 00:34:27

Health: -22/74     AC:  1    Str: 13    XL:     12   Next: 60%
Magic:  21/42      EV: 16    Int: 25    God:    Sif Muna [******]
Gold:   2092       SH:  0    Dex: 15    Spells: 1/45 levels left

rFire   + . .        s - staff of poison
rCold   + . .        (no shield)
rNeg    . . .        (helmet restricted)
rPois   +            (no amulet)
rElec   +            p - ring of Koetah {Str+6 Dex+2}
rCorr   +            w - ring of Basamp {MP+9 Int+3 Slay+4 SInv}
SInv    +            x - ring "Cokham" {Wiz Will+}
Will    +....        (no ring)
Stlth   ++++         (no ring)
HPRegen 0.32/turn    (no ring)
MPRegen 0.28/turn    (no ring)
                     (no ring)

%: no teleportation, wizardry (x1)
@: resistant, studying 2 skills
A: almost no armour, amphibious, 8 rings, camouflage 1, gelatinous body 1,
(nimble swimmer 1), tentacles, tentacle spike 1, robust 1, MP-powered wands
a: Renounce Religion, Channel Magic, Forget Spell, Divine Exegesis


You were in the Dungeon.
You worshipped Sif Muna.
Sif Muna was exalted by your worship.
You visited 1 branch You collected 2356 gold pieces.
You spent 264 gold pieces at shops.

Inventory:

Hand Weapons
 m - a +1 long sword of holy wrath
 z - the +4 dagger of Fovil {freeze, *Noise +Blink Int+3}
   (You took it off a deep elf demonologist in the Dungeon)

   Int:       It affects your intelligence (+3).
   +Blink:    It lets you blink.
   *Noise:    It may make noises in combat.
Armour
 g - a +0 buckler
 q - a +0 kite shield of reflection
Magical Staves
 r - a staff of conjuration
 s - a staff of poison (weapon)
 y - a staff of fire
Jewellery
 p - the ring of Koetah (left tentacle) {Str+6 Dex+2}
   (You took it off a deep elf high priest in the Dungeon)

   [ring of strength]

   Str:       It affects your strength (+6).
   Dex:       It affects your dexterity (+2).
 w - the ring of Basamp (right tentacle) {MP+9 Int+3 Slay+4 SInv}
   (You found it in the Dungeon)

   [ring of slaying]

   Int:       It affects your intelligence (+3).
   Slay:      It affects your accuracy & damage with ranged weapons and melee
   (+4).
   MP:        It affects your magic capacity (+9).
   SInv:      It lets you see invisible.
 x - the ring "Cokham" (on tentacle) {Wiz Will+}
   (You found it in the Dungeon)

   [ring of wizardry]

   It improves your spell success rate.
   Will:      It increases your willpower.
Wands
 v - a wand of iceblast (4)
Scrolls
 f - a scroll of blinking
 k - a scroll of torment
 u - 3 scrolls of silence
Potions
 a - 2 potions of magic
 b - 2 potions of curing
 c - 2 potions of heal wounds
 d - a potion of haste
 e - a potion of berserk rage
 h - a potion of lignification
 i - a potion of cancellation
 j - a potion of enlightenment
 l - 2 potions of mutation
Miscellaneous
 n - a phial of floods


   Skills:
 + Level 1.0 Fighting
 + Level 6.3 Dodging
 - Level 6.0 Stealth
 - Level 3.2 Unarmed Combat
 - Level 17.0 Spellcasting
 * Level 13.7 Conjurations
 - Level 6.0 Hexes
 + Level 7.5 Summonings
 * Level 16.3 Fire Magic
 - Level 7.0 Air Magic
 + Level 8.7 Invocations


You had one spell level left.
You knew the following spells:

 Your Spells              Type           Power      Damage    Failure   Level
a - Foxfire               Conj/Fire      100%       2x1d9     0%          1
b - Scorch                Fire           100%       2d9       0%          2
c - Inner Flame           Hex/Fire       67%        N/A       1%          3
d - Flame Wave            Conj/Fire      77%        2d17      1%          4
e - Summon Small Mammal   Summ           100%       N/A       1%          1
f - Summon Guardian Gole  Hex/Summ       53%        N/A       1%          3
g - Plasma Beam           Fire/Air       34%        2x1d47    1%          6
h - Fireball              Conj/Fire      38%        3d16      1%          5
i - Hailstorm             Conj/Ice       53%        3d12      1%          3
j - Fulminant Prism       Conj/Hex       31%        3d16      1%          4
k - Summon Ice Beast      Ice/Summ       40%        N/A       1%          4
l - Ignition              Fire           40%        3d12      8%          8

Your spell library contained the following spells:

 Spells                   Type           Power      Damage    Failure   Level
 Apportation              Tloc           42%        N/A       1%          1
 Freeze                   Ice            84%        1d9       1%          1
 Necrotise                Necr           84%        1d8       1%          1
 Slow                     Hex            100%       N/A       1%          1
 Searing Ray              Conj           100%       2d8       0%          2
 Call Imp                 Summ           100%       N/A       1%          2
 Static Discharge         Conj/Air       100%       2-7/arc   1%          2
 Confusing Touch          Hex            50%        N/A       1%          3
 Dazzling Flash           Conj/Hex       100%       N/A       1%          3
 Stone Arrow              Conj/Erth      100%       3d13      1%          3
 Volatile Blastmotes      Fire/Tloc      100%       2d18      1%          3
 Airstrike                Air            27%        2d(4-20)  1%          4
 Sticky Flame             Conj/Fire      77%        2d9       1%          4
 Summon Lightning Spire   Summ/Air       55%        N/A       1%          4
 Freezing Cloud           Conj/Ice/Air   27%        6-21      1%          5
 Iskenderun's Battlesphe  Conj           74%        2d12      1%          5
 Summon Mana Viper        Hex/Summ       53%        N/A       1%          5
 Starburst                Conj/Fire      38%        6d11      1%          6
 Ozocubu's Armour         Ice            21%        N/A       2%          3
 Leda's Liquefaction      Hex/Erth       18%        N/A       2%          4
 Conjure Ball Lightning   Conj/Air       32%        3x3d10    2%          6
 Orb of Destruction       Conj           37%        9d11      2%          7
 Metabolic Englaciation   Hex/Ice        18%        N/A       8%          5
 Leda's Unmaking          Conj/Erth      26%        9d5       9%          6
 Petrify                  Tmut/Erth      21%        N/A       10%         4
 Spellforged Servitor     Conj/Summ      32%        N/A       11%         7
 Lee's Rapid Deconstruct  Erth           10%        3d8*      26%         5
 Monstrous Menagerie      Summ           28%        N/A       34%         7
 Enfeeble                 Hex            25%        N/A       52%         7
 Simulacrum               Ice/Necr       10%        N/A       78%         6
 Haunt                    Necr/Summ      20%        N/A       83%         7
 Malign Gateway           Summ/Tloc      20%        N/A       83%         7
 Fire Storm               Conj/Fire      38%        8d10      87%         9
 Maxwell's Capacitive Co  Air            27%        ∞         96%         8
 Lehudib's Crystal Spear  Conj/Erth      26%        10d7      97%         8
 Ozocubu's Refrigeration  Ice            10%        4d9       100%        7
 Chain Lightning          Conj/Air       32%        3d43      100%        9
 Dragon's Call            Summ           28%        N/A       100%        9
 Shatter                  Erth           10%        3d12*     100%        9
 Animate Armour           Summ/Erth      Unusable   N/A       N/A         4

Dungeon Overview and Level Annotations

Branches:
Dungeon (1/1)

Altars:
Cheibriados
Dithmenos
Elyvilon
Fedhas
Gozag
Hepliaklqana
Kikubaaqudgha
Makhleb
Nemelex Xobeh
Okawaru
Qazlal
Ru
Sif Muna
Trog
Uskayaw
Vehumet
Wu Jian
Xom
Yredelemnul
Zin
The Shining One
Jiyva
Lugonu

Shops:
D !

Annotations:
D Rupert, Urug


Innate Abilities, Weirdness & Mutations

You cannot wear most types of armour.
You are amphibious.
You can wear up to eight rings at the same time.
Your skin changes colour to match your surroundings (Stealth+).
Your rubbery body absorbs attacks. (AC +1, EV +1)
((You are camouflaged when in or above water. (Stealth+)))
You have tentacles for arms and can constrict up to eight enemies at once.
One of your tentacles bears a spike.
You are robust. (+10% HP)
You expend magic power (3 MP) to strengthen your wands.


Message History

Item here: a blink frog corpse.
An open door, spattered with blood.
There is a cloud of flame here.
Unknown command.
You feel protected.
You are engulfed in blazing flames.
You resist.
Rupert is engulfed in blazing flames.
Rupert hits your guardian golem with a +2 great sword of venom!!
Your guardian golem disappears in a puff of smoke!
Your guardian golem explodes!
The fiery explosion engulfs Rupert!!
Rupert is burned terribly!
Rupert is engulfed in blazing flames.
Unknown command.
Casting: Scorch (safe; 0% risk of failure)
Confirm with . or Enter, or press ? or * to list all spells.
Aiming: Fireball (safe; 1% risk of failure)
Press: ? - help, Shift-Dir - straight line, f - Rupert
Aim: Rupert, wielding a +2 great sword of venom and wearing a +0 ring mail (heavily wounded, berserk, more vulnerable to fire)
The fireball explodes!
The fireball engulfs Rupert!!
Rupert is burned terribly!
Rupert is severely wounded.
You are engulfed in blazing flames.
You resist.
Unknown command.
Casting: Fireball (safe; 1% risk of failure)
Confirm with . or Enter, or press ? or * to list all spells.
Okay, then.
Okay, then.
Unknown command.
Unknown command.
Casting: Fireball (safe; 1% risk of failure)
Confirm with . or Enter, or press ? or * to list all spells.
Casting: Plasma Beam (dangerous; 1% risk of failure)
Press: ? - help, Dir - look around, f - activate The bolt of lightning hits Rupert!
Rupert is severely wounded.
The fiery plasma misses Rupert.
You are engulfed in blazing flames.
You resist.
You hear a loud, deep croak!
Rupert hits you with a +2 great sword of venom!!
* * * LOW HITPOINT WARNING * * *
Rupert hits you with a +2 great sword of venom!!
You die...

.....#.~~≈)~~....#.⌠.#__#...#'###
.....#.~≈)~~.....#...#__#...#.[.[
.....#.~~~.......#)###__#..)##.#.
'#####...........#...#__#...'##.#
.................#___#__+...#)..#
▓▓▓▓▓▓▓▓▓▓▓▓▓▓▓▓▓▓▓▓▓▓▓▓▓▓▓▓▓▓▓▓▓
≈§§§~°§○☼........~~~.....
§§§§.°§§☼≈≈≈†'..'.≈≈≈≈≈≈≈
§§§§§≈☼†@....#.~...♣.....
§§§≈≈.§§@....#...♣♣..♣...
~≈≈≈~~°§.§...###+♣♣.♣♣♣♣.
+#######°....♣ #.. #~~ ..♣.♣♣♣..
.##o#~~ ###+.♣ ♣.# .# ##+~ .♣♣
..#. #~ # .# #


You could see Rupert (berserk, combustible).

Vanquished Creatures
  A deep elf master archer (D)
  3 deep elf demonologists (D)
  A deep elf annihilator (D)
  2 deep elf high priests (D)
  Erolcha (D)
  2 hydras (D)
  An orc high priest (D)
  2 deep elf knights (D)
  A death drake (D)
  A lindwurm (D)
  2 deep elf pyromancers (D)
  A deep elf zephyrmancer (D)
  2 cane toads (D)
  A rime drake (D)
  3 wandering mushrooms (D)
  2 tyrant leeches (D)
  A queen bee (D)
  3 blink frogs (D)
  A shadow (D)
  5 redbacks (D)
  A spatial vortex (D)
  4 orc warriors (D)
  A swamp drake (D)
  5 two-headed ogres (D)
  A necrophage (D)
  A water elemental (D)
  32 killer bees (D)
  An electric eel (D)
  2 orc priests (D)
  A jelly (D)
  Jessica (D)
  An orc wizard (D)
  A wizard (D)
  A necromancer (D)
  3 humans (D)
  A kobold demonologist (D)
  A phantom (D)
  10 orcs (D)
  An endoplasm (D)
  2 rats (D)
107 creatures vanquished.

Vanquished Creatures (collateral kills)
  A foxfire (D)
1 creature vanquished.

Vanquished Creatures (others)
  A deep elf pyromancer (D)
  A komodo dragon (D)
  233 foxfires (D)
  33 fulminant prisms (D)
268 creatures vanquished.

Grand Total: 376 creatures vanquished

Notes
Turn   | Place    | Note
-------+----------+-------------------------------------------
     0 | D        | Conn the Octopode Fire Elementalist began the quest for the
                  | Orb.
     0 | D        | Reached XP level 1. HP: 11/11 MP: 3/3
    49 | D        | Noticed Jessica
    76 | D        | Killed Jessica
    77 | D        | Reached skill level 3 in Spellcasting
    77 | D        | Reached skill level 5 in Fire Magic
    77 | D        | Reached XP level 2. HP: 17/17 MP: 0/6
    77 | D        | Reached XP level 3. HP: 21/21 MP: 0/7
   146 | D        | Learned a level 2 spell: Scorch
   150 | D        | Learned a level 3 spell: Inner Flame
   176 | D        | Reached skill level 1 in Unarmed Combat
   259 | D        | Noticed a water elemental
   263 | D        | Killed a water elemental
   263 | D        | Noticed a human
   264 | D        | Reached skill level 4 in Spellcasting
   264 | D        | Reached XP level 4. HP: 27/27 MP: 0/10
   264 | D        | Noticed a human
   274 | D        | Killed a human
   275 | D        | Reached skill level 5 in Stealth
   275 | D        | Reached skill level 6 in Spellcasting
   275 | D        | Reached XP level 5. HP: 26/31 MP: 4/13
   275 | D        | Reached XP level 6. HP: 30/36 MP: 4/15
   279 | D        | Killed a human
   280 | D        | Reached skill level 7 in Spellcasting
   391 | D        | Found an ornate altar of the Wu Jian Council.
   392 | D        | Found a hide-covered altar of Uskayaw.
   392 | D        | Found a bloodstained altar of Trog.
   394 | D        | Found a radiant altar of Vehumet.
   394 | D        | Found a shimmering blue altar of Sif Muna.
   394 | D        | Found an ancient bone altar of Kikubaaqudgha.
   401 | D        | Learned a level 4 spell: Flame Wave
   401 | D        | Found an iron altar of Okawaru.
   405 | D        | Reached skill level 10 in Fire Magic
   415 | D        | Became a worshipper of Sif Muna the Loreminder
   418 | D        | Learned a level 1 spell: Summon Small Mammal
   422 | D        | Learned a level 3 spell: Summon Guardian Golem
   484 | D        | Found a glowing silver altar of Zin.
   484 | D        | Found a glowing golden altar of the Shining One.
   484 | D        | Found a white marble altar of Elyvilon.
   485 | D        | Noticed a deep elf pyromancer
   489 | D        | Killed a deep elf pyromancer
   490 | D        | Reached skill level 5 in Dodging
   490 | D        | Reached skill level 8 in Spellcasting
   490 | D        | Reached skill level 5 in Conjurations
   490 | D        | Reached XP level 7. HP: 42/42 MP: 11/19
   552 | D        | Found a basalt altar of Yredelemnul.
   552 | D        | Found a shadowy altar of Dithmenos.
   552 | D        | Found a sacrificial altar of Ru.
   556 | D        | Reached XP level 8. HP: 47/47 MP: 14/20
   556 | D        | Reached * piety under Sif Muna
   601 | D        | Noticed a shadow
   605 | D        | Killed a shadow
   606 | D        | Reached skill level 9 in Spellcasting
   606 | D        | Reached skill level 1 in Invocations
   727 | D        | Reached ** piety under Sif Muna
   825 | D        | Noticed a two-headed ogre
   883 | D        | Killed a two-headed ogre
   884 | D        | Reached skill level 1 in Hexes
   964 | D        | Found Ocoi's Distillery.
   965 | D        | Noticed an orc high priest
   966 | D        | Noticed an ice devil
   966 | D        | Noticed a red devil
   974 | D        | Killed an orc high priest
   975 | D        | Reached skill level 10 in Spellcasting
   975 | D        | Reached skill level 5 in Summonings
   975 | D        | Reached XP level 9. HP: 40/52 MP: 4/23
   982 | D        | Reached *** piety under Sif Muna
  1123 | D        | Reached **** piety under Sif Muna
  1124 | D        | Reached skill level 11 in Spellcasting
  1308 | D        | Reached ***** piety under Sif Muna
  1308 | D        | Received a gift from Sif Muna
  1309 | D        | Got Sif Muna's Quarto of Telluric Astrapomancy {god gift}
  1345 | D        | Learned a level 6 spell: Plasma Beam
  1438 | D        | Found a blossoming altar of Fedhas.
  1439 | D        | Found a stormy altar of Qazlal.
  1453 | D        | Reached skill level 1 in Air Magic
  1558 | D        | Bought a potion of lignification for 33 gold pieces
  1558 | D        | Bought a potion of invisibility for 88 gold pieces
  1558 | D        | Bought a potion of resistance for 110 gold pieces
  1584 | D        | Noticed a deep elf knight
  1584 | D        | Noticed a deep elf pyromancer
  1584 | D        | Noticed a deep elf knight
  1584 | D        | Noticed a deep elf zephyrmancer
  1584 | D        | Noticed a deep elf pyromancer
  1595 | D        | Killed a deep elf zephyrmancer
  1596 | D        | Reached skill level 5 in Invocations
  1601 | D        | Killed a deep elf pyromancer
  1602 | D        | Reached skill level 12 in Spellcasting
  1602 | D        | Reached XP level 10. HP: 25/57 MP: 11/26
  1608 | D        | Killed a deep elf pyromancer
  1618 | D        | Killed a deep elf knight
  1619 | D        | Reached skill level 13 in Spellcasting
  1708 | D        | Killed a deep elf knight
  1865 | D        | Found a snail-covered altar of Cheibriados.
  1865 | D        | Found a burning altar of Makhleb.
  1866 | D        | Found a shimmering altar of Xom.
  1867 | D        | Found a hazy altar of Hepliaklqana.
  1867 | D        | Found an opulent altar of Gozag.
  1867 | D        | Found a sparkling altar of Nemelex Xobeh.
  1867 | D        | Found a corrupted altar of Lugonu.
  1867 | D        | Found a viscous altar of Jiyva.
  1898 | D        | Bought a potion of curing for 33 gold pieces
  1911 | D        | Identified the +0 ring mail of the Leaf {+Inv Str+5}
  1911 | D        | Noticed a deep elf high priest
  1914 | D        | Noticed a deep elf demonologist
  1918 | D        | Identified the ring of Koetah {Str+6 Dex+2}
  1918 | D        | Noticed a deep elf high priest
  1919 | D        | Noticed a deep elf master archer
  1996 | D        | Learned a level 4 spell: Airstrike
  2006 | D        | Noticed a sixfirhy
  2007 | D        | Killed a deep elf high priest
  2008 | D        | Reached skill level 14 in Spellcasting
  2008 | D        | Noticed a deep elf annihilator
  2011 | D        | Noticed a Tzitzimitl
  2013 | D        | Noticed a Tzitzimitl
  2312 | D        | Noticed a deep elf demonologist
  2313 | D        | Noticed a rust devil
  2314 | D        | Noticed a Tzitzimitl
  2315 | D        | Killed a deep elf demonologist
  2315 | D        | Received a gift from Sif Muna
  2316 | D        | Reached skill level 5 in Air Magic
  2316 | D        | Got Cerebov's Handbook of Battle Magic {god gift}
  2325 | D        | Learned a level 3 spell: Hailstorm
  2330 | D        | Learned a level 4 spell: Fulminant Prism
  2581 | D        | Noticed a rust devil
  2582 | D        | Gained mutation: You are weak. (Str -2) [a neqoxec]
  2583 | D        | Killed a deep elf annihilator
  2583 | D        | Killed a deep elf high priest
  2584 | D        | Reached skill level 15 in Spellcasting
  2584 | D        | Reached XP level 11. HP: 62/62 MP: 10/30
  2586 | D        | Noticed an Executioner
  2697 | D        | Lost mutation: You are weak. (Str -2) [potion of mutation]
  2697 | D        | Gained mutation: Your spells are a little easier to cast,
                  | but a little less powerful. [potion of mutation]
  2698 | D        | Lost mutation: Your spells are a little easier to cast, but
                  | a little less powerful. [potion of mutation]
  2698 | D        | Gained mutation: You are robust. (+10% HP) [potion of
                  | mutation]
  2698 | D        | Gained mutation: You expend magic power (3 MP) to
                  | strengthen your wands. [potion of mutation]
  2698 | D        | Gained mutation: One of your tentacles bears a spike.
                  | [potion of mutation]
  2701 | D        | Identified the +4 dagger of Fovil {freeze, *Noise +Blink
                  | Int+3}
  2701 | D        | Noticed a deep elf demonologist
  2703 | D        | Noticed a Hell Sentinel
  2964 | D        | Noticed a Brimstone Fiend
  2965 | D        | Killed a deep elf demonologist
  2966 | D        | Reached skill level 10 in Conjurations
  3238 | D        | Killed a deep elf demonologist
  3239 | D        | Reached skill level 16 in Spellcasting
  3680 | D        | Killed a deep elf master archer
  3681 | D        | Reached skill level 5 in Hexes
  3799 | D        | Identified the +9 shortbow "Monay" {freeze, Dex+2}
  3808 | D        | Got the Essays on Chilling Apparitions
  3813 | D        | Identified the ring of Basamp {MP+9 Int+3 Slay+4 SInv}
  3813 | D        | Identified the ring "Cokham" {Wiz Will+}
  3905 | D        | Learned a level 4 spell: Summon Ice Beast
  3933 | D        | Received a gift from Sif Muna
  3934 | D        | Got Sif Muna's Textbook on Phantasms and the Tropics {god
                  | gift}
  3944 | D        | Learned a level 8 spell: Ignition
  4002 | D        | Noticed Erolcha
  4021 | D        | Killed Erolcha
  4030 | D        | Reached skill level 17 in Spellcasting
  4114 | D        | Received a gift from Sif Muna
  4118 | D        | Reached ****** piety under Sif Muna
  4118 | D        | Received a gift from Sif Muna
  4121 | D        | Received a gift from Sif Muna
  4122 | D        | Reached XP level 12. HP: 34/73 MP: 20/33
  4125 | D        | Received a gift from Sif Muna
  4130 | D        | Got Sif Muna's Vellum of Assaults and the Oath {god gift}
  4130 | D        | Got Sif Muna's Meditations on Grounded Battling {god gift}
  4147 | D        | Learned a level 5 spell: Fireball
  4501 | D        | Received a gift from Sif Muna
  4502 | D        | Noticed a six-headed hydra
  4507 | D        | Killed a six-headed hydra
  4508 | D        | Reached skill level 15 in Fire Magic
  4589 | D        | Noticed an eight-headed hydra
  4594 | D        | Killed an eight-headed hydra
  4790 | D        | Got Sif Muna's Writings on Charmed Combat Magic {god gift}
  4802 | D        | Noticed Urug
  4835 | D        | Received a gift from Sif Muna
  4981 | D        | Reached skill level 1 in Fighting
  4996 | D        | Noticed Rupert
  5003 | D        | Annihilated by Rupert

Illustrated notes

Levels and vault maps discovered:
D:        dungeon_sprint_mu [sprint_mu_entry_forest, sprint_mu_temple_rooms,
          sprint_mu_d1_spiders, sprint_mu_d2_genie, sprint_mu_d3_branching,
          sprint_mu_orc_legion, sprint_mu_elf_gauntlet, sprint_mu_hive_nellie,
          sprint_mu_lair_fedhas, sprint_mu_vaults_butterflies,
          sprint_mu_slime_circle, sprint_mu_swamp_cave, sprint_mu_snake_twists,
          sprint_mu_blade_basic, sprint_mu_crypt_chambers,
          sprint_mu_tomb_spiral, sprint_mu_vestibule_basic,
          sprint_mu_gehenna_hellfire, sprint_mu_dis_giant,
          sprint_mu_tartarus_statrot, sprint_mu_cocytus_islands, sprint_mu_zot1]

Skill      XL: |  1  2  3  4  5  6  7  8  9 10 11 12 |
---------------+-------------------------------------+-----
Stealth        | 3 4 5 6 |  6.0
Spellcasting   | 3 4 6 8 10 12 15 17 | 17.0
Fire Magic     | 5 7 8 11 12 13 16 | 16.3
Dodging        | 3 4 5 6 |  6.3
Unarmed Combat | 1 2 3 |  3.2
Conjurations   | 2 5 6 8 9 11 13 | 13.7
Summonings     | 3 5 6 7 |  7.5
Invocations    | 3 5 7 8 |  8.7
Hexes          | 1 2 4 6 |  6.0
Air Magic      | 2 5 7 |  7.0
Fighting       | 1 |  1.0

Action                     |  1- 3 |  4- 6 |  7- 9 | 10-12 || total
---------------------------+-------+-------+-------+-------++-------
  Melee: Unarmed           |     6 |       |       |       ||     6
         Constrict         |     1 |       |     1 |       ||     2
         Tentacles         |     1 |       |       |       ||     1
         Long sword        |       |       |     1 |       ||     1
   Cast: Foxfire           |    16 |     5 |    59 |    61 ||   141
         Scorch            |     3 |     4 |    13 |    22 ||    42
         Flame Wave        |       |     2 |     5 |    13 ||    20
         Inner Flame       |       |     1 |    15 |    23 ||    39
         Summon Guardian G |       |       |     2 |     9 ||    11
         Summon Small Mamm |       |       |     4 |    11 ||    15
         Fulminant Prism   |       |       |       |    33 ||    33
         Airstrike         |       |       |       |    14 ||    14
         Fireball          |       |       |       |    13 ||    13
         Plasma Beam       |       |       |       |     3 ||     3
         Hailstorm         |       |       |       |     1 ||     1
 Invoke: Channel Magic     |       |       |     1 |     1 ||     2
    Use: Potion            |       |     1 |     1 |     4 ||     6
         Scroll            |       |       |     4 |     2 ||     6
 Armour: Skin              |       |     1 |       |     1 ||     2
  Dodge: Dodged            |     4 |       |    16 |    32 ||    52

Table legend: (Time is in decaauts)
 A = Elapsed time spent in this place.
 B = Non-inter-level travel time spent in this place.
 C = Inter-level travel time spent in this place.
 D = Time resting spent in this place.
 E = Time spent auto-exploring this place.
 F = Levels seen in this place.
 G = Mean time per level.
                   A        B        C        D        E       F      G
               +--------+--------+--------+--------+--------+-----+--------+
         Total |   5005 |   5005 |      0 |   3181 |    101 |   1 | 5005.0 |
       Dungeon |   5005 |   5005 |      0 |   3181 |    101 |   1 | 5005.0 |
               +--------+--------+--------+--------+--------+-----+--------+

Top non-repeatable levels by time:
       D: 5005 daAuts
